Croesus, chaotic male elven Ranger --- -.-- ...| ...| ..| -..|---- |.- |..| | |.--|..|.| |...|)d..| ---...@..| |..--G.| |<.| ..| ---- G| .. |.. .. .. -.. --- Croesus the Tenderfoot Experience level: 1 Strength: 15 Dexterity: 11 Constitution: 14 Intelligence: 14 Wisdom: 14 Charisma: 8 Health: 0(13) Energy: 5(5) Def: 9 Gold: 455 Moves: 1730 Dungeon seed: 5xgxYMdA6b9LKeNo Game ID: Croesus_1603820130 Your Inventory: Weapons a - an uncursed +1 elven bow (weapon in hand) d - an uncursed +1 elven dagger (alternate weapon; not wielded) i - 9 uncursed poisoned +0 darts k - a blessed +0 orcish dagger u - an uncursed +0 dagger L - 55 uncursed +2 elven arrows M - 36 uncursed +0 elven arrows (in quiver) Armor e - an uncursed +2 elven cloak (being worn) r - an uncursed +0 oilskin cloak z - an uncursed +0 dwarvish mithril-coat of drain resistance (being worn) Comestibles f - 2 uncursed lembas wafers Scrolls h - an uncursed scroll of identify Potions g - an uncursed potion of gain energy j - a blessed potion of gain ability m - an uncursed potion of polymorph o - an uncursed potion of levitation Wands s - an uncursed wand of magic missile (0:3) Tools w - an uncursed tin whistle Gems n - an uncursed jasper stone q - an uncursed black opal Coins $ - 455 gold pieces Spells and supernatural/magical abilities: Name Level Category Cost Memory W - pray for help -- divine ? -- Your skills at the end: Fighting Skills wands [Basic] Weapon Skills dagger [Basic] bow [Basic] Spellcasting Skills Final Attributes: You were devoutly aligned. You were immune to sleep. You were level-drain resistant. You saw invisible. You had automatic searching. You had infravision. You were stealthy. Mars was noncommittal. You are dead. Vanquished creatures: an acid blob a hobbit a large kobold a red mold 2 gnomes 2 geckos a fox 2 kobolds 2 goblins 3 sewer rats 5 grid bugs a lichen 4 newts 26 creatures vanquished. Voluntary challenges: You were an atheist. You used a wielded weapon 1 time, starting on turn 215. You were illiterate. You never genocided any monsters. You never polymorphed an object. You never changed form. You used no wishes. You never split a pudding. You never wrote Elbereth's name. You never violated your personal moral code. Dungeon overview: The Dungeons of Doom: levels 1 to 4 Level 1 a vault a long staircase Level 2 stairs to The Gnomish Mines Level 3 an armor shop, a fountain Level 4 The Gnomish Mines: Level 3 <- You were here stairs to The Dungeons of Doom History has recorded: On T:1 you entered the Dungeons of Doom to retrieve the Amulet of Yendor! On T:180 you reached level 2 of The Dungeons of Doom. On T:525 you reached level 3 of The Dungeons of Doom. On T:1366 you reached level 4 of The Dungeons of Doom. On T:1713 you reached level 1 of The Gnomish Mines. Score breakdown: Gold: 455 ( 9044 points) Experience: 1 level ( 0 points) Exploration: 4 levels ( 8.89%) ( 7833 points) Discoveries: 4 items ( 1.36%) ( 3493 points) Valuables value: (no points given unless you survive) Artifact value: 0 ( 0 points) Variety of kills: 13 monsters ( 3.42%) ( 5548 points) Turncount: 1730 turns ( 0 points) Survival: died (score multiplied by 80%) Total score: 20734 Latest messages: The newt misses Sirius. Sirius bites the newt. Sirius misses the newt. Sirius bites the newt. The newt is killed! Sirius eats a female newt corpse. You sense a mild buzz coming from Sirius. Where do you want to travel to? You displace Sirius. You stop exploring. You hear some noises nearby. It eats a male gnome corpse. The crossbow bolt misses Sirius. (2x) The crossbow bolt misses the gnome. The crossbow bolt misses Sirius. The crossbow bolt hits the gnome. (2x) The gnome is killed! There are a few objects here. The gnome queen swings her crossbow at you. The gnome queen hits! You die... Final status: Goodbye Croesus the Ranger, killed by a gnome queen... You died in The Gnomish Mines on dungeon level 3 with 20734 points, and 455 pieces of gold, after 1730 moves. You were level 1 with a maximum of 13 hit points when you died.